 Dungeon Crawl Stone Soup version 0.27.1-34-g3ba077fa99 (webtiles) character file.

Game seed: 13504742676449759646

306082 Cykl0x the Warrior (level 21, -11/214 HPs)
             Began as a Gargoyle Gladiator on Jan 8, 2022.
             Was a High Priest of the Shining One.
             Mangled by christhawk's ghost (25 damage)
             ... on level 2 of the Vaults on Jan 9, 2022.
             The game lasted 02:15:39 (49487 turns).

Cykl0x the Warrior (Gargoyle Gladiator)            Turns: 49487, Time: 02:15:40

Health: -11/214    AC: 46    Str: 29    XL:     21   Next: 15%
Magic:  12/36      EV: 12    Int: 11    God:    the Shining One [*****.]
Gold:   4303       SH: 32    Dex: 11    Spells: 17/43 levels left

rFire    + + .     SeeInvis .   t - +2 long sword (elec)
rCold    + . .     Faith    .   T - +2 kite shield
rNeg     + + +     Spirit   .   V - +2 chain mail {rF+}
rPois    ∞         Reflect  +   r - +4 helmet of Classification {rF+ Str+3}
rElec    +         Harm     .   j - +0 cloak
rCorr    +         Rampage  .   H - +2 pair of gloves
Will     +....                  X - +4 pair of boots "Gitunyuh" {rN+}
Stlth    ..........             n - amulet of reflection
HPRegen  0.45/turn              e - ring of protection from cold
MPRegen  0.25/turn              f - ring of resist corrosion

@: berserking, divinely shielded, flying, glowing, very quick
A: sickness immunity, AC +16, big wings, negative energy resistance 1,
electricity resistance, torment resistance 1, petrification resistance
}: 2/15 runes: decaying, gossamer
a: Renounce Religion, Divine Shield, Cleansing Flame, Summon Divine Warrior


You were on level 2 of the Vaults.
You worshipped the Shining One.
The Shining One was extremely pleased with you.
You visited 7 branches of the dungeon, and saw 34 of its levels.
You visited the Abyss 1 time.
You also visited: Ossuary, Bailey, Gauntlet and Ice Cave.

You collected 5109 gold pieces.
You spent 806 gold pieces at shops.

Inventory:

Hand Weapons
 t - a +2 long sword of electrocution (weapon)
 P - a +3 scimitar of flaming
Missiles
 d - 100 poisoned darts
 p - 64 boomerangs (quivered)
 I - a throwing net
 K - 21 javelins
 R - 797 stones
 W - 4 silver javelins
Armour
 j - a +0 cloak (worn)
 r - the +4 helmet of Classification (worn) {rF+ Str+3}
   (You found it on level 5 of the Dungeon)

   Str:       It affects your strength (+3).
   rF:        It protects you from fire.
 H - a +2 pair of gloves (worn)
 T - a +2 kite shield (worn)
 V - a +2 chain mail of fire resistance (worn)
 X - the +4 pair of boots "Gitunyuh" (worn) {rN+}
   (You found it on level 2 of the Orcish Mines)

   rN:        It protects you from negative energy.
Jewellery
 b - a +6 ring of strength
 c - a ring of protection from fire
 e - a ring of protection from cold (left hand)
 f - a ring of resist corrosion (right hand)
 n - an amulet of reflection (around neck)
 s - a +6 ring of intelligence
 v - a +6 ring of dexterity
 x - a +4 ring of evasion
 y - a ring of willpower
 Y - a +4 ring of protection
 Z - a ring of protection from fire
Wands
 a - a wand of acid (6)
 k - a wand of flame (53)
 u - a wand of iceblast (28)
 D - a wand of charming (7)
 L - a wand of polymorph (22)
 Q - a wand of paralysis (11)
 S - a wand of digging (15)
Scrolls
 h - 3 scrolls of fear
 l - 3 scrolls of fog
 q - 5 scrolls of immolation
 w - 2 scrolls of amnesia
 z - 4 scrolls of enchant armour
 A - 13 scrolls of teleportation
 B - 28 scrolls of identify
 C - a scroll of holy word
 E - 4 scrolls of magic mapping
 O - 2 scrolls of blinking
 U - 5 scrolls of enchant weapon
Potions
 g - 4 potions of brilliance
 i - 5 potions of curing
 m - 7 potions of attraction
 o - 5 potions of ambrosia
 F - 5 potions of mutation
 G - 3 potions of might
 J - a potion of heal wounds


   Skills:
 + Level 18.9 Fighting
 + Level 0.3(9.3) Short Blades
 - Level 14.0 Long Blades
 + Level 8.3 Throwing
 + Level 12.1 Armour
 + Level 7.9 Dodging
 + Level 16.9 Shields
 + Level 11.8 Spellcasting
 * Level 12.5 Conjurations
 + Level 6.0 Fire Magic
 + Level 12.8 Earth Magic
 + Level 8.7 Invocations
 + Level 1.3 Evocations


You had 17 spell levels left.
You knew the following spells:

 Your Spells              Type           Power      Damage    Failure   Level
a - Lehudib's Crystal Sp  Conj/Erth      17%        10d5      100%        8
b - Sandblast             Erth           68%        2d15      1%          1
c - Lee's Rapid Deconstr  Erth           17%        3d11*     5%          5
d - Orb of Destruction    Conj           17%        9d8       88%         7
e - Bolt of Magma         Conj/Fire/Erth 14%        4d8       14%         5

Your spell library contained the following spells:

 Spells                   Type           Power      Damage    Failure   Level
 Conjure Flame            Conj/Fire      27%        6-21      2%          3
 Passwall                 Tmut/Erth      16%        N/A       4%          2
 Sticky Flame             Conj/Fire      27%        2d5       9%          4
 Mephitic Cloud           Conj/Pois/Air  15%        N/A       22%         3
 Leda's Liquefaction      Hex/Erth       10%        N/A       28%         4
 Inner Flame              Hex/Fire       13%        N/A       34%         3
 Pain                     Necr           24%        1d5       36%         1
 Summon Small Mammal      Summ           24%        N/A       36%         1
 Ignite Poison            Fire/Tmut/Pois 10%        N/A       45%         3
 Gell's Gravitas          Tloc           3%         N/A       75%         3
 Portal Projectile        Hex/Tloc       12%        N/A       75%         3
 Summon Guardian Golem    Hex/Summ       6%         N/A       75%         3
 Teleport Other           Tloc           6%         N/A       75%         3
 Freezing Cloud           Conj/Ice/Air   7%         6-21      89%         5
 Passage of Golubria      Tloc           N/A        N/A       98%         4
 Blade Hands              Tmut           3%         N/A       100%        5
 Excruciating Wounds      Necr           3%         N/A       100%        5
 Silence                  Hex/Air        3%         N/A       100%        5
 Dispersal                Tloc           3%         N/A       100%        6
 Eringya's Noxious Bog    Tmut/Pois      3%         N/A       100%        6
 Shadow Creatures         Summ           N/A        N/A       100%        6
 Simulacrum               Ice/Necr       3%         N/A       100%        6
 Malign Gateway           Summ/Tloc      3%         N/A       100%        7
 Spellforged Servitor     Conj/Summ      10%        N/A       100%        7
 Ignition                 Fire           9%         3d5       100%        8
 Infestation              Necr           3%         N/A       100%        8
 Polar Vortex             Ice            3%         N/A       100%        9
 Statue Form              Tmut/Erth      Unusable   N/A       N/A         6

Dungeon Overview and Level Annotations

Branches:
Dungeon (15/15)            Temple (1/1) D:5            Lair (6/6) D:9
  Swamp (4/4) Lair:2       Spider (4/4) Lair:3        Slime (0/5) Lair:5
    Orc (2/2) D:10            Elf (0/3) Orc:2        Vaults (2/5) D:14
 Depths (0/5) D:15        Ossuary (visited)          Bailey (visited)
  IceCv (visited)         Gauntlet (visited)
  Crypt: Vaults:2-3

Altars:
Ashenzari
Fedhas
Kikubaaqudgha
Nemelex Xobeh
Qazlal
Sif Muna
Trog
Uskayaw
Vehumet
Wu Jian
Yredelemnul
Zin
The Shining One
Beogh

Shops:
D:9 [   D:13 (   Orc:2 *[:(

Annotations:
D:6 2 transporters
D:7 2 transporters, Descartes's ghost, novice SpWn
D:11 exclusion: orange crystal statue
Lair:6 2 transporters, kalagan's ghost, journeyman DECj
Vaults:2 christhawk's ghost, adept MiHu; mantisjm's ghost, veteran HOFi


Innate Abilities, Weirdness & Mutations

You are immune to sickness and miasma.
Your stone body is resilient. (AC +16)
You are immune to poison.
Your large and strong wings let you fly.
You resist negative energy. (rN+)
You are resistant to electric shocks. (rElec)
You are resistant to unholy torment.
You are immune to petrification.


Message History

Mantisjm's ghost is severely damaged.
Your angel hits mantisjm's ghost but does no damage.
Your angel closely misses mantisjm's ghost.
Christhawk's ghost hits you!!
* * * LOW HITPOINT WARNING * * *
x2 Unknown command.
You slash mantisjm's ghost!
Mantisjm's ghost is severely damaged.
Your angel misses mantisjm's ghost. x2
Your daeva hits mantisjm's ghost with a +4 long sword of holy wrath.
Mantisjm's ghost convulses.
Your daeva barely misses mantisjm's ghost.
Unknown command.
You slash mantisjm's ghost!
Mantisjm's ghost is almost destroyed.
You block mantisjm's ghost's attack. You block christhawk's ghost's attack.
Unknown command.
You closely miss mantisjm's ghost.
Mantisjm's ghost is almost destroyed.
Your angel hits mantisjm's ghost but does no damage. x2
Your daeva calls down the wrath of the Shining One upon the vault warden.
The vault warden is smitten.
You hit mantisjm's ghost but do no damage.
Mantisjm's ghost is almost destroyed.
You block mantisjm's ghost's attack.
Your angel completely misses mantisjm's ghost.
Your angel hits mantisjm's ghost but does no damage.
You block christhawk's ghost's attack.
You hit mantisjm's ghost but do no damage.
Mantisjm's ghost is almost destroyed.
Your angel closely misses mantisjm's ghost.
Your angel barely misses mantisjm's ghost.
Your daeva hits mantisjm's ghost but does no damage. x2
Unknown command.
You hit mantisjm's ghost but do no damage.
Mantisjm's ghost is almost destroyed.
Mantisjm's ghost hits you.
* * * LOW HITPOINT WARNING * * *
Christhawk's ghost hits you!!
You die...

#.....# .. #.....# ##.
#.....#
..##########.....# ..
##.#........#.....#
...#.!+........+.....#
......+..####..#.....#
..<...+.AW))#..#.....#
#.@Wp.#..#.....#
#.A####..#.....#
#..†..†..#.....#
#........#.....#
##########.....#


You could see a vault warden (ally target), christhawk's ghost, mantisjm's ghost
(ally target), a friendly daeva (summoned) and a friendly angel (summoned).

Vanquished Creatures
  Jorgrun (Swamp:2)
  A lich (Vaults:1)
  Asterion (Spider:1)
  A titan (Vaults:1)
  Roxanne (Swamp:2)
  2 tentacled starspawn (Abyss:2)
  2 thorn hunters (Swamp:4)
  Kirke (Swamp:2)
  A sphinx (Vaults:2)
  Donald (Swamp:3)
  A fire giant (Vaults:2)
  5 vault wardens
  4 ghost moths
  5 emperor scorpions
  5 orc warlords
  6 ironbound preservers
  3 war gargoyles
  A stone giant (Vaults:1)
  A reaper (IceCv)
  4 dire elephants
  6 entropy weavers
  3 bunyips
  A spark wasp (Spider:4)
  A minotaur (Gauntlet)
  2 eleionomae
  A fire dragon (Lair:6)
  A crystal guardian (Vaults:1)
  A shambling mangrove (Swamp:2)
  4 ironbound thunderhulks
  3 great orbs of eyes
  7 vault guards
  4 yaktaur captains
  23 hydras
  3 boulder beetles
  3 ghost crabs
  Erica (D:8)
  The ghost of Ywein the Covert, a journeyman NaIE of Cheibriados (D:10)
  A peacekeeper (Vaults:1)
  Fannar (D:11)
  2 death knights
  5 ironbound frosthearts
  2 catoblepae
  A two-headed ogre (D:10)
  8 alligators
  12 centaur warriors
  2 spriggan berserkers
  11 death yaks
  A vampire mage (Abyss:2)
  4 ironbound beastmasters
  5 orc high priests (Orc:2)
  A shadow wraith (Abyss:2)
  5 skeletal warriors (D:12)
  A wretched star (Abyss:2)
  5 goliath frogs
  8 spriggan druids
  5 bog bodies
  A glowing orange brain (Vaults:2)
  9 swamp dragons
  7 wizards
  17 deep trolls
  26 ugly things
  7 ironbound convokers
  Pikel (D:5)
  A necromancer (Vaults:2)
  A harpy (shapeshifter) (D:15)
  A phantasmal warrior (Vaults:1)
  6 lindwurms
  5 harpies (Vaults:2)
  20 orb spiders
  9 orc knights
  27 wolf spiders
  A frost giant zombie (Vaults:2)
  7 orc sorcerers
  A human zombie (Vaults:2)
  A salamander (D:15)
  3 manticores
  5 will-o-the-wisps
  6 cyclopes
  3 moths of wrath
  7 black mambas
  2 apocalypse crabs (Abyss:2)
  8 vault sentinels
  11 elephants
  2 ice statues (IceCv)
  A hellion (Abyss:2)
  A smoke demon (Abyss:2)
  4 gargoyles
  7 torpor snails
  An elf skeleton (Vaults:2)
  An unseen horror (D:12)
  16 cane toads
  Psyche (D:8)
  4 rime drakes
  20 demonic crawlers
  A yaktaur skeleton (Vaults:2)
  8 komodo dragons
  18 yaktaurs
  2 efreet (D:13)
  6 ice devils (IceCv)
  2 anaconda simulacra (IceCv)
  3 freezing wraiths
  An ancient zyme (Abyss:2)
  3 meliai (D:14)
  14 trolls
  34 jumping spiders
  9 tyrant leeches
  A bloated husk (Swamp:1)
  17 hornets
  3 polar bears
  A blink frog (shapeshifter) (D:14)
  4 raiju (Abyss:2)
  22 slime creatures
  12 dream sheep
  25 blink frogs
  A meliai zombie (D:11)
  2 shadows
  7 spriggans
  A flying skull (Abyss:2)
  32 tarantellas
  2 small abominations (Abyss:2)
  55 yaks
  2 vampires
  2 ynoxinuls (Abyss:2)
  62 redbacks
  4 wraiths
  9 starcursed masses (Abyss:2)
  2 tarantellas (shapeshifter)
  A basilisk (Lair:1)
  4 wyverns
  9 humans (D:14)
  A golden eye (shapeshifter) (D:14)
  4 large abominations (Abyss:2)
  2 vampire mosquitoes (D:12)
  A steam dragon (D:7)
  An ogre zombie (Vaults:2)
  Menkaure (D:6)
  12 wargs
  A death yak simulacrum (IceCv)
  A harpy simulacrum (IceCv)
  13 swamp worms
  An acid dragon (D:10)
  10 water moccasins
  9 swamp drakes
  A sky beast (D:6)
  4 black bears
  65 orc warriors
  4 ice beasts
  11 ogres
  4 boggarts (D:15)
  27 wolves
  A phantom (D:6)
  16 centaurs
  2 kobold brigands
  Blork the orc (D:5)
  12 bullfrogs
  A gnoll sergeant (D:8)
  3 water moccasin zombies
  3 scorpions
  2 two-headed ogre simulacra (IceCv)
  A water moccasin skeleton (D:6)
  2 elephant simulacra (IceCv)
  6 killer bees (D:9)
  5 electric eels
  6 howler monkeys
  2 centaur zombies
  A centaur skeleton (D:6)
  17 orc priests
  5 hounds
  3 jellies
  2 bullfrog skeletons
  A gnoll shaman (D:8)
  3 iguanas
  17 orc wizards
  2 troll simulacra (IceCv)
  2 spriggan simulacra (IceCv)
  2 killer bee zombies
  2 wolf simulacra (IceCv)
  8 mummies (Ossuary)
  A howler monkey zombie (D:6)
  15 gnolls
  8 adders
  A naga simulacrum (IceCv)
  2 white imps (IceCv)
  2 ufetubi (IceCv)
  An adder skeleton (D:4)
  3 worms
  3 dart slugs
  113 orcs
  4 bats
  13 endoplasms
  4 giant cockroaches
  3 gnoll zombies (Ossuary)
  13 goblins
  12 hobgoblins
  4 jackals (D:3)
  22 kobolds
  5 quokkas
  2 ball pythons
  A frilled lizard (D:3)
  2 hobgoblin zombies (Ossuary)
  A kobold zombie (Ossuary)
  2 orc zombies (Ossuary)
  3 rats
  A briar patch (Swamp:4)
  2 starspawn tentacles (Abyss:2)
1368 creatures vanquished.

Vanquished Creatures (collateral kills)
  Mara (Swamp:4)
  Saint Roka (Vaults:2)
  A vault warden (Vaults:1)
  An ironbound preserver (Vaults:2)
  An ettin (Vaults:1)
  A peacekeeper (Vaults:2)
  An ironbound frostheart (Vaults:2)
  A ghost crab (Gauntlet)
  An ironbound beastmaster (Vaults:2)
  2 wizards (Vaults:2)
  2 lindwurms
  2 ugly things (Vaults:2)
  2 torpor snails (Lair:6)
  A tyrant leech (Lair:6)
  2 hornets (Lair:6)
  3 orc warriors (Vaults:2)
  2 orc wizards (Vaults:2)
  2 orcs (Vaults:2)
27 creatures vanquished.

Vanquished Creatures (others)
  2 bloated husks
  2 hornets (Swamp:4)
  2 redbacks
  2 spriggans (Swamp:4)
  A swamp drake (Swamp:4)
  An orc warrior (Orc:2)
  A small abomination (Abyss:2)
  A white imp (IceCv)
  An ufetubus (IceCv)
  An orc (Orc:2)
  A briar patch (Swamp:4)
  8 foxfires
  57 fungi
  94 plants
  4 starspawn tentacles (Abyss:2)
178 creatures vanquished.

Grand Total: 1573 creatures vanquished

Notes
Turn   | Place    | Note
-------+----------+-------------------------------------------
     0 | D:1      | Cykl0x the Gargoyle Gladiator began the quest for the Orb.
     0 | D:1      | Reached XP level 1. HP: 12/12 MP: 1/1
   200 | D:1      | Reached XP level 2. HP: 15/17 MP: 2/2
   315 | D:1      | Found a faded altar of an unknown god.
   379 | D:1      | Reached skill level 1 in Armour
   752 | D:1      | Reached XP level 3. HP: 21/21 MP: 3/3
  1267 | D:2      | Found a glowing golden altar of the Shining One.
  1279 | D:2      | Became a worshipper of the Shining One
  1440 | D:2      | Reached skill level 1 in Invocations
  1557 | D:2      | Reached skill level 1 in Conjurations
  1557 | D:2      | Reached XP level 4. HP: 27/27 MP: 4/4
  1581 | D:2      | Noticed an ogre
  1598 | D:2      | Killed an ogre
  1599 | D:2      | Reached XP level 5. HP: 31/31 MP: 4/6
  1929 | D:3      | Reached skill level 1 in Spellcasting
  2285 | D:3      | Reached XP level 6. HP: 36/36 MP: 7/7
  2819 | D:4      | Reached * piety under the Shining One
  2959 | D:4      | Reached skill level 3 in Fighting
  2959 | D:4      | Reached XP level 7. HP: 39/41 MP: 9/9
  3494 | D:5      | Entered Level 5 of the Dungeon
  3503 | D:5      | Identified the +4 helmet of Classification {rF+ Str+3}
  3847 | D:5      | Noticed Pikel
  3868 | D:5      | Killed Pikel
  3869 | D:5      | Reached skill level 1 in Shields
  3869 | D:5      | Reached XP level 8. HP: 34/47 MP: 10/12
  4072 | D:5      | Found a staircase to the Ecumenical Temple.
  4089 | Temple   | Entered the Ecumenical Temple
  4164 | D:5      | Found a shimmering blue altar of Sif Muna.
  4187 | D:5      | Reached skill level 5 in Long Blades
  4340 | D:5      | Noticed Blork the orc
  4357 | D:5      | Killed Blork the orc
  4566 | D:5      | Found an ornate altar of the Wu Jian Council.
  4572 | D:5      | Reached XP level 9. HP: 52/52 MP: 13/13
  4788 | D:6      | Noticed a troll
  4788 | D:6      | Noticed a cyclops
  4788 | D:6      | Found a radiant altar of Vehumet.
  4788 | D:6      | Found a hide-covered altar of Uskayaw.
  4788 | D:6      | Found a glowing silver altar of Zin.
  4789 | D:6      | Found a transporter.
  4790 | D:6      | Noticed an unseen horror
  4811 | D:6      | Found a transporter.
  4822 | D:6      | Reached skill level 4 in Fighting
  4907 | D:6      | Reached ** piety under the Shining One
  5261 | D:6      | Reached skill level 5 in Armour
  5585 | D:6      | Found a blossoming altar of Fedhas.
  5587 | D:6      | Found an ancient bone altar of Kikubaaqudgha.
  6131 | D:6      | Noticed Menkaure
  6135 | D:6      | Killed Menkaure
  6201 | D:6      | Reached skill level 5 in Conjurations
  6467 | D:7      | Noticed a two-headed ogre
  6467 | D:7      | Noticed Descartes's ghost (novice SpWn)
  6468 | D:7      | Found a transporter.
  6470 | D:7      | Noticed an unseen horror
  6479 | D:7      | Found a transporter.
  6483 | D:7      | Noticed an unseen horror
  6561 | D:7      | Reached skill level 5 in Invocations
  7154 | D:8      | Noticed Erica
  7172 | D:8      | Killed Erica
  7173 | D:8      | Reached XP level 10. HP: 58/58 MP: 13/16
  7189 | D:8      | Found a sand-covered staircase.
  7233 | D:8      | Reached skill level 5 in Fighting
  7251 | Ossuary  | Entered an ossuary
  7292 | Ossuary  | Reached *** piety under the Shining One
  7640 | D:8      | Found a flagged portal.
  7652 | Bailey   | Entered a bailey
  8155 | Bailey   | HP: 2/59 [centaur (2)]
  8665 | Bailey   | Reached skill level 5 in Throwing
  9196 | D:8      | Noticed Psyche
  9203 | D:8      | Killed Psyche
  9459 | D:9      | Found Feys Woat's Antique Armour Shoppe.
  9482 | D:9      | Reached skill level 6 in Fighting
  9482 | D:9      | Reached XP level 11. HP: 62/64 MP: 17/17
  9692 | D:9      | Reached **** piety under the Shining One
  9755 | D:9      | Learned a level 8 spell: Lehudib's Crystal Spear
  9755 | D:9      | Reached XP level 12. HP: 71/71 MP: 17/21
 10200 | D:9      | Found a staircase to the Lair.
 10547 | D:10     | Entered Level 10 of the Dungeon
 10547 | D:10     | Noticed a two-headed ogre
 10554 | D:10     | Killed a two-headed ogre
 10555 | D:10     | Reached skill level 7 in Fighting
 10739 | D:10     | Found a shimmering blue altar of Sif Muna.
 11064 | D:10     | Found a runed translucent door.
 11064 | D:10     | Identified the +4 spear "Yloyxzeb" {freeze, Dex+2}
 11065 | D:10     | Noticed Ywein's ghost (journeyman NaIE)
 11087 | D:10     | Killed Ywein's ghost
 11297 | D:10     | Found a staircase to the Orcish Mines.
 11308 | D:10     | Reached skill level 8 in Fighting
 12048 | D:11     | You fall into a shaft and drop 2 floors!
 12123 | D:11     | Noticed Fannar
 12137 | D:11     | Killed Fannar
 12138 | D:11     | Reached skill level 5 in Shields
 12151 | D:11     | Identified the +3 leather armour of Oblivion {Harm rPois
                  | Str+2}
 12159 | D:11     | Noticed a centaur warrior
 12165 | D:11     | Killed a centaur warrior
 12215 | D:11     | Reached skill level 9 in Fighting
 12215 | D:11     | Reached skill level 10 in Long Blades
 12221 | D:11     | Found a frozen archway.
 12230 | IceCv    | Entered an ice cave
 12405 | IceCv    | Reached XP level 13. HP: 59/80 MP: 22/22
 12862 | IceCv    | Reached skill level 5 in Dodging
 12883 | IceCv    | Noticed a reaper
 12898 | IceCv    | Killed a reaper
 13229 | D:11     | Reached skill level 10 in Fighting
 14385 | D:12     | Reached skill level 1 in Evocations
 15018 | D:12     | Found a hide-covered altar of Uskayaw.
 15182 | D:12     | Reached ***** piety under the Shining One
 15388 | D:13     | Reached skill level 11 in Fighting
 15938 | D:13     | Found Xuseosos's Antique Weapon Shoppe.
 15970 | D:13     | Gained mutation: Your large and strong wings let you fly.
                  | [Gargoyle growth]
 15970 | D:13     | Reached XP level 14. HP: 80/90 MP: 23/23
 16492 | D:14     | Reached skill level 12 in Fighting
 16505 | D:14     | Found a gate to the Vaults.
 17600 | D:15     | Entered Level 15 of the Dungeon
 17836 | D:15     | Found a glowing golden altar of the Shining One.
 18121 | D:15     | Noticed a dire elephant
 18152 | D:15     | Killed a dire elephant
 18711 | D:15     | Found a staircase to the Depths.
 18930 | Lair:1   | Entered Level 1 of the Lair of Beasts
 18933 | Lair:1   | Found a gate leading to a gauntlet.
 18937 | Gauntlet | Entered a Gauntlet
 18937 | Gauntlet | Found a transporter.
 18937 | Gauntlet | Found a transporter.
 18952 | Gauntlet | Found a transporter.
 18957 | Gauntlet | Found a transporter.
 18967 | Gauntlet | Found a transporter.
 18970 | Gauntlet | Found a transporter.
 18974 | Gauntlet | Found a runed translucent door.
 18974 | Gauntlet | Found a runed translucent door.
 18978 | Gauntlet | Found a transporter.
 18994 | Gauntlet | Noticed a dire elephant
 18996 | Gauntlet | Found a transporter.
 19013 | Gauntlet | Found a transporter.
 19016 | Gauntlet | Found a transporter.
 19032 | Gauntlet | Found a transporter.
 19035 | Gauntlet | Found a transporter.
 19220 | Gauntlet | Identified the +2 hat of Buerrokk {Str+3}
 19302 | Gauntlet | Reached skill level 13 in Fighting
 19434 | Lair:1   | Reached XP level 15. HP: 98/98 MP: 22/24
 19656 | Lair:1   | Reached skill level 10 in Shields
 20035 | Lair:1   | Found a glowing golden altar of the Shining One.
 20834 | Lair:2   | You are sucked into a shaft and drop 2 floors!
 21459 | Lair:3   | Found a hole to the Spider Nest.
 21549 | Lair:2   | Found a staircase to the Swamp.
 22319 | Lair:3   | Got the Grimoire of Dark Secrets and the Arsonist
 23286 | Lair:5   | Reached skill level 10 in Armour
 23893 | Lair:5   | Found a staircase to the Slime Pits.
 24060 | Lair:5   | Reached skill level 14 in Fighting
 24643 | Lair:6   | Entered Level 6 of the Lair of Beasts
 25112 | Lair:6   | Found a transporter.
 25113 | Lair:6   | Found a bloodstained altar of Trog.
 25113 | Lair:6   | Noticed kalagan's ghost (journeyman DECj)
 25113 | Lair:6   | Identified the ring of the Last Glowing Runes {rF+ rCorr
                  | Str+2}
 25126 | Lair:6   | Reached XP level 16. HP: 101/107 MP: 25/25
 26199 | Lair:6   | Found a transporter.
 26403 | Lair:6   | Found a runed translucent door.
 27228 | Orc:1    | Entered Level 1 of the Orcish Mines
 27822 | Orc:1    | Reached skill level 15 in Fighting
 27946 | Orc:2    | Entered Level 2 of the Orcish Mines
 28710 | Orc:2    | Found Korit's Book Shoppe.
 28813 | Orc:2    | Bought a book of Geomancy for 286 gold pieces
 28813 | Orc:2    | Bought a book of Dangerous Friends for 520 gold pieces
 28815 | Orc:2    | Learned a level 1 spell: Sandblast
 28821 | Orc:2    | Learned a level 5 spell: Lee's Rapid Deconstruction
 28855 | Orc:2    | Found Zenlitosh's Antique Armour Shop.
 30146 | Orc:2    | Found Ykkun's General Store.
 30164 | Orc:2    | Found a staircase to the Elven Halls.
 30176 | Orc:2    | Reached XP level 17. HP: 114/114 MP: 29/29
 30816 | Orc:2    | Identified the +4 pair of boots "Gitunyuh" {rN+}
 30933 | Orc:2    | Found Moipliup's Antique Weapon Boutique.
 31031 | Orc:2    | Learned a level 7 spell: Orb of Destruction
 31285 | Spider:1 | Entered Level 1 of the Spider Nest
 31659 | Spider:1 | Reached skill level 16 in Fighting
 32439 | Spider:1 | Noticed Asterion
 32469 | Spider:1 | Killed Asterion
 34599 | Spider:3 | Reached ****** piety under the Shining One
 35295 | Spider:3 | Reached XP level 18. HP: 97/122 MP: 19/31
 35944 | Spider:4 | Entered Level 4 of the Spider Nest
 36319 | Spider:4 | Reached skill level 17 in Fighting
 37413 | Spider:4 | Got a gossamer rune of Zot
 37818 | Swamp:1  | Entered Level 1 of the Swamp
 37867 | Swamp:1  | Reached skill level 15 in Shields
 38234 | Swamp:1  | Reached skill level 10 in Conjurations
 38633 | Swamp:2  | Reached skill level 10 in Earth Magic
 38742 | Swamp:2  | Noticed Roxanne
 38779 | Swamp:2  | Killed Roxanne
 38780 | Swamp:2  | Reached skill level 10 in Spellcasting
 38795 | Swamp:2  | Learned a level 5 spell: Bolt of Magma
 38797 | Swamp:2  | Noticed Kirke
 38812 | Swamp:2  | Killed Kirke
 38972 | Swamp:2  | Noticed Jorgrun
 39002 | Swamp:2  | Killed Jorgrun
 39198 | Swamp:2  | Identified the +0 hand crossbow of Lies {elec, Dex+4}
 39293 | Swamp:2  | Reached skill level 1 in Fire Magic
 39702 | Swamp:3  | Got Kiofaqin's Disquisition on Transmutation and Summoning
 40223 | Swamp:3  | Reached XP level 19. HP: 118/130 MP: 33/33
 40624 | Swamp:4  | Entered Level 4 of the Swamp
 40887 | Swamp:4  | Reached skill level 18 in Fighting
 41020 | Swamp:4  | Noticed Donald
 41088 | Swamp:3  | Killed Donald
 42096 | Swamp:4  | Noticed Mara
 42539 | Swamp:4  | Noticed Cykl0x's illusion
 42574 | Swamp:4  | Killed Mara
 42830 | Swamp:4  | Got a decaying rune of Zot
 43118 | Vaults:1 | Entered Level 1 of the Vaults
 44566 | Vaults:1 | Reached XP level 20. HP: 110/137 MP: 9/35
 44595 | Vaults:1 | HP: 1/137 [ettin (11)]
 45187 | Vaults:1 | Identified the +2 quarterstaff of the Viper {vorpal, rN+++
                  | Will++ Int-2 Dex-5}
 45213 | Vaults:1 | Reached skill level 5 in Fire Magic
 47293 | Vaults:2 | Noticed Saint Roka
 47315 | Vaults:2 | Killed Saint Roka
 48194 | Vaults:2 | Cast into level 2 of the Abyss (a wizard)
 48754 | Vaults:2 | Escaped the Abyss
 48766 | Vaults:2 | Reached XP level 21. HP: 116/143 MP: 16/36
 49420 | Vaults:2 | Noticed mantisjm's ghost (veteran HOFi)
 49421 | Vaults:2 | Noticed christhawk's ghost (adept MiHu)
 49422 | Vaults:2 | Found a large runed translucent door.
 49422 | Vaults:2 | Found a large runed translucent door.
 49487 | Vaults:2 | Mangled by christhawk's ghost

Illustrated notes

Levels and vault maps discovered:
D:1:      lordsloth_arrival_two_stooges, layout_basic,
          hellmonk_ecumenical_altar_crossroads
D:2:      layout_basic, basic_altar, chequers_serial_rivers_micro_e
D:3:      layout_rooms
D:4:      layout_basic
D:5:      corexii_shack_village, layout_loops_corners,
          minmay_temple_entry_offerings, hangedman_feature_mirror, uniq_pikel,
          uniq_blork_the_orc
D:6:      layout_basic, grunt_temple_overflow_growth_and_decay,
          gammafunk_temple_overflow_arena, serial_co_window_serial,
          co_window_of_opportunity_a, co_window_paths_a, co_window_paths_b,
          co_window_cross_1, co_window_of_opportunity_a, co_window_cross_1,
          co_window_unsneaky_path_d, co_window_corner_b, co_window_broadway_c,
          co_window_4corner_b, co_window_paths_d, glass_columns_b,
          glass_columns_b, glass_columns_a, glass_columns_a, minmay_between,
          uniq_menkaure
D:7:      layout_loops_ring, gammafunk_ghost_arena, minmay_crystal_water
D:8:      layout_basic, lightli_ossuary_entry_decrepit_ruins, enter_bailey_4,
          serial_bayou_pond_e, uniq_psyche, uniq_erica
D:9:      layout_irregular_city, grunt_lair_entry_orc_guard_hut, serial_shops,
          nicolae_stop_n_shop_2
D:10:     layout_roguey, mainiacjoe_overflow_24_doors, david_orc_5,
          ebering_ghost_funeral_grove
D:11:     layout_stronghold, portal_ice_cave_entry_pillars_2,
          minmay_statue_bubble, uniq_fannar
D:12:     layout_loops_ring, serial_aquarium, aquarium_bridge_square
          [aquarium_subvault_balcony, aquarium_subvault_wall,
          aquarium_subvault_bridge, aquarium_subvault_bridge],
          aquarium_window_1, aquarium_window_corridor_1, aquarium_view_4,
          aquarium_balcony_1a, nicolae_uskayaw_en_pointe
D:13:     layout_rooms, serial_shops, nicolae_shop_behind_doors,
          minmay_misc_feat_x, nrook_loot_triangle
D:14:     layout_gridville, ximxim_vaults_locker_room
D:15:     hangedman_depths_entry_try_elsewhere_first, layout_basic,
          tso_oasis_becter
Temple:   eino_temple_rhombus
Lair:1:   layout_regular_city, gauntlet_entry_generic, lemuel_centaur_altar,
          serial_bayou_shore_b, infiniplex_staircase_pool_2,
          serial_bayou_shore_a, serial_bayou_shore_b
Lair:2:   beast_lair_carwin_large_1, layout_concentric_octagons, swamp_mist
Lair:3:   layout_layer_cave, dummy_spider_entry, serial_forest,
          infiniplex_forest_lined_3_way, infiniplex_forest_corner_1,
          infiniplex_forest_clump_tiny, infiniplex_forest_clump_curved,
          infiniplex_forest_straight_2, infiniplex_forest_straight_3,
          infiniplex_forest_clump_tiny, infiniplex_forest_straight_2
Lair:4:   layout_long_grid
Lair:5:   statuecave_lemuel, layout_regular_city, nicolae_slime_entry_slimehenge
Lair:6:   wormcave, layout_regular_city, gammafunk_ghost_wrathful_warriors,
          serial_bayou_shore_b, grunt_megastairs_4
Swamp:1:  layout_falls_marsh, hangedman_swamp_ruin_wall,
          infiniplex_staircase_pool
Swamp:2:  layout_basic_swamp, nicolae_swamp_very_dense_foliage, uniq_kirke,
          uniq_jorgrun, uniq_roxanne
Swamp:3:  layout_falls_marsh, serial_swamp_ruin, evilmike_swamp_ruin_house_5,
          evilmike_swamp_ruin_house_6
Swamp:4:  swamp_basic_johnstein, layout_basic_swamp, uniq_mara, uniq_donald
Spider:1: layout_spider_delve, nicolae_spider_wall_of_niches, uniq_asterion
Spider:2: layout_chambers, nicolae_spider_cling_halls
Spider:3: layout_spider_delve, hangedman_spider_tarantella_strand
Spider:4: guppyfry_spider_rune
Orc:1:    cheibrodos_orc_arena, layout_caves
Orc:2:    grunt_orc_gardens, layout_caves, grunt_orc_garden, grunt_orc_garden,
          grunt_orc_garden, grunt_orc_garden, minmay_orc_treasury
Vaults:1: ontoclasm_vaults_decontamination, vaults_dpeg_cross, st_eye,
          v_misc_18, vaults_standard_mumra_enter_the_diamond, v_misc_12,
          v_misc_12, nicolae_vaults_little_squares_2,
          nicolae_vaults_little_squares_2, vaults_room_semicircle,
          nicolae_vaults_little_squares_6, nicolae_vaults_mini_display_case,
          vaults_room_stairs_pillars, vaults_room_pool,
          nicolae_vaults_shelves_hall, layout_vaults_omnicross
Vaults:2: advil_vaults_ghost_guards, grunt_vaults_twisty,
          vaults_room_ringed_pool, nicolae_vaults_puzzle_piece,
          hangedman_vaults_capsules, nicolae_vaults_windows_and_doors_thing,
          v_misc_8, minmay_crypt_entry_simple_round,
          nicolae_vaults_big_angled_halls, hangedman_vaults_maws, v_pattern_5,
          layout_vaults_ring, uniq_saint_roka

Skill      XL: |  1  2  3  4  5  6  7  8  9 10 11 12 13 14 15 16 17 18 19 20 21 |
---------------+----------------------------------------------------------------+-----
Long Blades    | 3 4 5 6 8 10 12 13 14 | 14.0
Throwing       | 2 3 4 5 6 7 8 |  8.3
Armour         | 1 2 4 6 7 8 9 10 11 12 | 12.1
Invocations    | 1 2 3 4 5 6 7 8 |  8.7
Conjurations   | 1 2 3 4 5 7 9 10 11 12 | 12.5
Spellcasting   | 1 3 4 6 8 9 10 11 | 11.8
Fighting       | 3 4 6 9 11 13 14 15 16 17 18 | 18.9
Dodging        | 3 4 6 7 |  7.9
Shields        | 1 2 3 4 5 7 9 11 13 14 15 16 | 16.9
Earth Magic    | 6 8 10 11 12 | 12.8
Evocations     | 1 |  1.3
Fire Magic     | 2 4 5 6 |  6.0
Short Blades   | |  0.3

Action                   |  1- 3 |  4- 6 |  7- 9 | 10-12 | 13-15 | 16-18 | 19-21 || total
-------------------------+-------+-------+-------+-------+-------+-------+-------++-------
Melee: Long sword        |    99 |   108 |   295 |       |       |       |  1035 ||  1537
       Scimitar          |       |       |       |   463 |  1196 |  1970 |   287 ||  3916
       Quick blade       |       |       |       |       |     8 |       |       ||     8
Throw: Stone             |    42 |    14 |       |       |       |       |       ||    56
       Throwing net      |       |     5 |       |       |       |     1 |       ||     6
       Dart              |       |    29 |    60 |       |     1 |    96 |     4 ||   190
       Boomerang         |       |       |    34 |    24 |     6 |    85 |    69 ||   218
       Javelin           |       |       |       |    35 |    91 |    26 |    11 ||   163
 Cast: Sandblast         |       |       |       |       |       |    10 |       ||    10
       Lee's Rapid Decon |       |       |       |       |       |    40 |    58 ||    98
       Bolt of Magma     |       |       |       |       |       |       |    75 ||    75
Invok: Divine Shield     |       |       |     2 |    11 |    13 |    11 |    12 ||    49
       Cleansing Flame   |       |       |       |     3 |     9 |    13 |    10 ||    35
       Summon Divine War |       |       |       |       |     1 |     1 |     6 ||     8
Evoke: Wand              |       |       |     1 |     7 |     9 |     7 |     7 ||    31
  Use: Scroll            |     6 |       |     7 |     8 |     7 |     5 |     2 ||    35
       Potion            |       |     1 |     2 |     6 |     3 |     9 |    16 ||    37
Armor: Leather armour    |    49 |    23 |       |       |       |       |       ||    72
       Scale mail        |       |    20 |   143 |   165 |       |       |       ||   328
       Chain mail        |       |       |       |   147 |   614 |   921 |   568 ||  2250
Dodge: Dodged            |    65 |    72 |   132 |   263 |   283 |   461 |   312 ||  1588
Block: Other             |     8 |    18 |    83 |   237 |       |     4 |       ||   350
       Reflection        |       |     1 |     3 |     8 |    30 |    24 |    50 ||   116
       Kite shield       |       |       |       |    72 |  1140 |  1978 |  1370 ||  4560
       Rpst.: Long sword |    20 |    21 |    38 |       |       |       |    37 ||   116
       Scimitar          |       |       |       |    51 |    71 |    86 |    14 ||   222
